Cogmind - Beta 16 @@@ ROGUE MODE // 2026.01.13 @ 07:40:49 Player: Dosh Result: Destroyed by Y-45 Defender with Heavy Assault Rifle Performance ------------- Evolutions (0) 0 Regions Visited (4) 800 Robots Destroyed (29) 145 Value Destroyed (734) 734 Prototype IDs (23) 460 Alien Tech Used (0) 0 Bonus (300) 300 TOTAL SCORE: 2439 Bonus ------- Aligned with FarCom 300 Cogmind --------- Core Integrity 0/250 Matter 237/300 Energy 100/100 System Corruption 0% Temperature Cool (0) Movement Treading (240) Ox1 Location -9/Mines Parts ------- > --- POWER (1) -------- (None) > --- PROPULSION (2) --- Light Treads > --- UTILITY (2) ------ Large Storage Unit Light Armor Plating > --- WEAPON (2) ------- Light Assault Rifle Light Assault Rifle > --- INVENTORY (15) --- Improved Heat Sink High-capacity Storage Unit Light Armor Plating Hacking Suite Small Laser AWS/Thermal Light Assault Rifle Light Assault Rifle Datajack Field Lobotomy Kit (5) Peak State ------------ > --- POWER ------------ Light Ion Engine > --- PROPULSION ------- Light Treads Light Treads > --- UTILITY ---------- Large Storage Unit Light Armor Plating > --- WEAPON ----------- Light Assault Rifle Light Assault Rifle > --- INVENTORY -------- Light Treads Improved Heat Sink High-capacity Storage Unit Light Armor Plating Hacking Suite Small Laser AWS/Thermal Light Assault Rifle Light Assault Rifle Light Assault Rifle Datajack Field Lobotomy Kit [Rating: 11] Favorites ----------- Power Light Ion Engine Engine Light Ion Engine Propulsion Light Treads Treads Light Treads Utility Large Storage Unit Storage Large Storage Unit Protection Light Armor Plating Weapon Light Assault Rifle Energy Gun Small Laser Ballistic Gun Light Assault Rifle Build | -11 -10 -10 -10 -9 ------- Run | Yrd Mat Min Exi Min Slots Evolved . | . . . . . Power . | . . . . . Propulsion . | . . . . . Utility . | . . . . . Weapon . | . . . . . Parts Attached 15 | 7 4 . 1 3 Power 2 | 2 . . . . Engine 2 | 2 . . . . Core . | . . . . . Reactor . | . . . . . Propulsion 3 | 2 . . . 1 Treads 3 | 2 . . . 1 Leg . | . . . . . Wheel . | . . . . . Hover . | . . . . . Flight . | . . . . . Utility 5 | 1 3 . 1 . Device . | . . . . . Storage 3 | 1 1 . 1 . Processor . | . . . . . Hackware . | . . . . . Protection 2 | . 2 . . . Artifact . | . . . . . Weapon 5 | 2 1 . . 2 Energy Gun 1 | 1 . . . . Energy Cannon . | . . . . . Ballistic Gun 4 | 1 1 . . 2 Ballistic Cannon . | . . . . . Launcher . | . . . . . Special Weapon . | . . . . . Impact Weapon . | . . . . . Slashing Weapon . | . . . . . Piercing Weapon . | . . . . . Special Melee Weapon . | . . . . . Unidentified Prototypes . | . . . . . Parts Lost 5 | . 2 . . 3 Power 2 | . 1 . . 1 Propulsion 2 | . . . . 2 Utility 1 | . 1 . . . Weapon . | . . . . . Highest Loss Streak 3 | . 2 . . 3 To Critical Strikes . | . . . . . Average Backups 6 | 1 5 6 8 10 Power . | . . . . . Propulsion . | . . 1 1 . Utility 2 | . 1 2 3 4 Weapon 2 | . 1 2 2 3 Tool/Special . | . . . . . Unused Backups 9 | . 1 . . 8 Power . | . . . . . Propulsion . | . . . . . Utility 3 | . . . . 3 Weapon 4 | . 1 . . 3 Tool/Special 2 | . . . . 2 Average Slot Usage (%) 97 | . 95 100 100 95 Engine 13 | . 13 14 14 13 Treads 27 | . 27 28 28 25 Storage 14 | . 14 14 14 14 Protection 11 | . 10 14 14 14 Energy Gun 1 | . 3 . . . Ballistic Gun 25 | . 24 28 28 28 Peak Build Rating 11 | 6 7 8 10 11 Average Rating 7 | 4 6 7 9 9 On Entrance 6 | . 6 7 8 10 Avg Prop Armor Cover (%) . | . . . . . Naked Turns . | . . . . . Heaviest Build 48 | 12 32 28 48 28 Greatest Support 40 | 40 40 40 40 40 Greatest Overweight (x) 1 | . . . 1 . Average Overweight (x) . | . . . . . Largest Inventory Capacity 20 | 8 15 15 20 15 Average Capacity 14 | 6 14 15 15 15 Most Carried 13 | 2 8 7 11 13 Average Carried 6 | 1 5 6 9 11 Final Capacity 15 | 8 15 15 15 15 Final Carried 11 | 2 6 7 11 11 Class Distribution -------------------- 100% | Mutant Dominant Class ---------------- Mutant | -10/Materials Mutant | -10/Mines Mutant | -10/Exiles Mutant | -9/Mines Resources | -11 -10 -10 -10 -9 ----------- Run | Yrd Mat Min Exi Min Matter Collected 514 | 245 242 16 . 11 Remotely . | . . . . . Salvage Created 995 | . 806 90 . 99 Parts 73 | . 54 6 . 13 Haulers Intercepted 2 | . 2 . . . Recyclers Shooed 2 | . . . . 2 Parts Field Recycled . | . . . . . Retrieved Matter . | . . . . . Parts Self-Destructed . | . . . . . Prevented . | . . . . . Parts Restored . | . . . . . Kills | -11 -10 -10 -10 -9 ------- Run | Yrd Mat Min Exi Min Combat Hostiles Destroyed 24 | . 18 2 . 4 Guns 24 | . 18 2 . 4 Classes Destroyed 7 | . 6 . . 1 Hauler 2 | . 2 . . . Mechanic 1 | . 1 . . . Operator 1 | . 1 . . . Watcher 1 | . 1 . . . Swarmer 7 | . 4 . . 3 Grunt 16 | . 14 2 . . Sentry 1 | . . . . 1 Best Kill Streak 5 | . 5 2 . 3 Combat Bots Only 5 | . 5 2 . 3 Max Kills in Single Turn 1 | . 1 1 . 1 Gunslinging . | . . . . . Exploded . | . . . . . Melee . | . . . . . Uniques/NPCs Destroyed . | . . . . . Combat | -11 -10 -10 -10 -9 -------- Run | Yrd Mat Min Exi Min Hostile Shots Fired 132 | . 72 10 . 50 Missed 22 | . 11 3 . 8 Hits 110 | . 61 7 . 42 Projectile 110 | . 61 7 . 42 Critical Strikes 2 | . 1 1 . . Damage Taken 1227 | . 663 92 . 472 Core 255 | . 101 26 . 128 Absorbed by Shields . | . . . . . Regen/Repaired (Parts) 166 | . 166 . . . Core Remaining (%) 100 | 100 . . . . Volleys Fired 121 | . 91 8 . 22 Largest 2 | . 2 2 . 2 Hottest 60 | . 60 40 . 40 Shots Fired 242 | . 182 16 . 44 Gun 242 | . 182 16 . 44 Cannon . | . . . . . Launcher . | . . . . . Special . | . . . . . Kinetic 237 | . 177 16 . 44 Thermal 5 | . 5 . . . Explosive . | . . . . . Electromagnetic . | . . . . . Robot Hit Streak 18 | . 18 8 . 12 Robot Miss Streak 5 | . 4 1 . 5 Penetration Max . | . . . . . Secondary Targets 3 | . 1 . . 2 Max Gunslinging Chain 1 | . 1 . . 1 Shots Hit Robots 165 | . 127 11 . 27 Core Hits 73 | . 57 6 . 10 Critical Kills . | . . . . . Critical Parts Destroyed 1 | . 1 . . . Critical Strikes 1 | . 1 . . . Destroy 1 | . 1 . . . Melee Attacks . | . . . . . Impact . | . . . . . Slashing . | . . . . . Piercing . | . . . . . Sneak Attacks . | . . . . . Combat Hostiles . | . . . . . Follow-up Attacks . | . . . . . Damage Inflicted 1380 | . 1070 87 . 223 Guns 1344 | . 1048 87 . 209 Cannons . | . . . . . Explosions . | . . . . . Melee . | . . . . . Ramming 36 | . 22 . . 14 Kinetic 1289 | . 993 87 . 209 Thermal 55 | . 55 . . . Explosive . | . . . . . Electromagnetic . | . . . . . Impact . | . . . . . Slashing . | . . . . . Piercing . | . . . . . Highest Corruption . | . . . . . Average Corruption . | . . . . . Corruption Purged . | . . . . . Corruption Blocked . | . . . . . Overload Shots . | . . . . . Overflow Damage . | . . . . . Projectiles . | . . . . . Explosions . | . . . . . Melee . | . . . . . Knockbacks . | . . . . . Impact . | . . . . . Kinetic . | . . . . . Secondary . | . . . . . Self-Inflicted Damage . | . . . . . Shots . | . . . . . Rammed 11 | . 8 1 . 2 Targets Rammed 12 | . 9 1 . 2 Kicked . | . . . . . Crushed 1 | . 1 . . . Highest Temperature 54 | . 43 54 . 39 Average Temperature 14 | . 12 33 . 13 Received Heat Transfer 462 | . 300 72 . 90 Siege Activations . | . . . . . Martial Activations . | . . . . . Shielding Activations . | . . . . . Robots Disrupted . | . . . . . Combat Hostiles . | . . . . . Robots Corrupted . | . . . . . Combat Hostiles . | . . . . . Parts Fried . | . . . . . Impact Corruptions . | . . . . . Robots Melted . | . . . . . Combat Hostiles . | . . . . . Parts Melted . | . . . . . Heat Transferred 125 | . 125 . . . Parts Sabotaged . | . . . . . Parts Stolen . | . . . . . Parts Stripped . | . . . . . Power Chain Reactions . | . . . . . Alert | -11 -10 -10 -10 -9 ------- Run | Yrd Mat Min Exi Min Maximum Alert Level 1 | . 1 . . . Low Security (%) 70 | 100 60 100 . 100 Level 1 29 | . 39 . . . Level 2 . | . . . . . Level 3 . | . . . . . Level 4 . | . . . . . Level 5 . | . . . . . High Security . | . . . . . Max Security . | . . . . . Peak Influence 300 | . 300 88 . 60 Initial 88 | . . 88 . . Average 100 | . 122 45 . 31 Influence Increases 716 | . 576 50 . 90 Destroy 0b10 Robot/C 480 | . 360 40 . 80 Destroy 0b10 Robot/NC 25 | . 25 . . . Destroy Leader 96 | . 76 10 . 10 Successful Hack 10 | . 10 . . . Select Force Hacks 60 | . 60 . . . Lose Combat Pursuer 45 | . 45 . . . Influence Decreases 706 | . 349 259 18 80 Entered New Map 157 | . . 139 18 . Time Decay 450 | . 280 120 . 50 Lost Part 50 | . 20 . . 30 Purge Threat 49 | . 49 . . . Squads Dispatched 6 | . 6 . . . Investigation 5 | . 5 . . . Extermination . | . . . . . Reinforcement 1 | . 1 . . . Assault . | . . . . . Garrison . | . . . . . Intercept . | . . . . . Searches Triggered . | . . . . . Construction Impeded . | . . . . . Haulers Reinforced . | . . . . . Active Scanning Responses . | . . . . . Cargo Convoy Interrupts . | . . . . . Stealth | -11 -10 -10 -10 -9 --------- Run | Yrd Mat Min Exi Min Distress Signals 3 | . 3 . . . Communications Jammed . | . . . . . Distress Signals . | . . . . . Times Spotted 44 | . 36 2 . 6 Peak Tracking Total 5 | . 5 2 . 4 Tactical Retreats 2 | . 2 . . . Traps | -11 -10 -10 -10 -9 ------- Run | Yrd Mat Min Exi Min Traps Triggered 2 | . 2 . . . Indirectly . | . . . . . Trap Hack Attempts . | . . . . . Triggered . | . . . . . Disarmed . | . . . . . Reprogrammed . | . . . . . Reused . | . . . . . Traps Extracted . | . . . . . Installed . | . . . . . Triggered . | . . . . . Machines | -11 -10 -10 -10 -9 ---------- Run | Yrd Mat Min Exi Min Machines Disabled . | . . . . . Max in Single Turn . | . . . . . Machines Repaired . | . . . . . Machines Dismantled . | . . . . . Machines Sabotaged . | . . . . . Overloaded Fab Kills . | . . . . . Hacking | -11 -10 -10 -10 -9 --------- Run | Yrd Mat Min Exi Min Machines Accessed 9 | . 7 . 2 . Terminals 4 | . 4 . . . Fabricators . | . . . . . Repair Stations 1 | . 1 . . . Recycling Units 2 | . 2 . . . Scanalyzers . | . . . . . Garrison Access . | . . . . . Total Hacks 23 | . 21 . 2 . Successful 12 | . 10 . 2 . Failed 11 | . 11 . . . Catastrophic 2 | . 2 . . . Database Lockouts . | . . . . . Manual 10 | . 9 . 1 . Terminals 12 | . 12 . . . Fabricators . | . . . . . Repair Stations 7 | . 7 . . . Recycling Units 2 | . 2 . . . Scanalyzers . | . . . . . Garrison Access . | . . . . . Terminal Hacks 5 | . 3 . 2 . Record 1 | . . . 1 . Robot Schematic 1 | . 1 . . . Unreport Threat 1 | . 1 . . . Registered Components 1 | . 1 . . . Proto ID Catalog 1 | . . . 1 . Fabricator Hacks . | . . . . . Repair Station Hacks 5 | . 5 . . . Scan Component 3 | . 3 . . . Repair 2 | . 2 . . . Recycling Unit Hacks . | . . . . . Scanalyzer . | . . . . . Garrison Access Hacks . | . . . . . Unauthorized Hacks 2 | . 2 . . . Terminals . | . . . . . Fabricators . | . . . . . Repair Stations . | . . . . . Recycling Units 2 | . 2 . . . Tunnel 2 | . 2 . . . Scanalyzers . | . . . . . Garrison Access . | . . . . . Data Cores Recovered . | . . . . . Used . | . . . . . Hacking Detections 5 | . 5 . . . Full Trace Events 2 | . 2 . . . Feedback Events . | . . . . . Feedback Blocked . | . . . . . Robot Schematics Acquired 1 | . 1 . . . Robots Built . | . . . . . Authchips . | . . . . . Time . | . . . . . Total Robot Build Rating . | . . . . . Part Schematics Acquired . | . . . . . Parts Built . | . . . . . Authchips . | . . . . . Time . | . . . . . Total Part Build Rating . | . . . . . Part Studies Acquired . | . . . . . Parts Repaired 2 | . 2 . . . Time 52 | . 52 . . . Parts Recycled . | . . . . . Recycled Matter . | . . . . . Retrieved Matter . | . . . . . Retrieved Components . | . . . . . Parts Scanalyzed . | . . . . . Part Schematics Acquired . | . . . . . Parts Damaged . | . . . . . Bothacking | -11 -10 -10 -10 -9 ------------ Run | Yrd Mat Min Exi Min Used RIF Installer . | . . . . . Robots Hacked . | . . . . . Non-combat . | . . . . . Combat . | . . . . . Robot Hacks Applied . | . . . . . Relay Couplers Released . | . . . . . Fabnet Peak Effective % . | . . . . . Robots Rewired . | . . . . . Allies Hacked . | . . . . . Hacks Repelled . | . . . . . Allies | -11 -10 -10 -10 -9 -------- Run | Yrd Mat Min Exi Min Total Allies . | . . . . . Largest Group . | . . . . . Highest-Rated Group . | . . . . . Highest-Rated Ally . | . . . . . Total Orders . | . . . . . Ally Attacks . | . . . . . Total Damage . | . . . . . Kills . | . . . . . Allies Corrupted . | . . . . . Allies Melted . | . . . . . Intel | -11 -10 -10 -10 -9 ------- Run | Yrd Mat Min Exi Min Active Infowar (turns) . | . . . . . Robot Analysis Total . | . . . . . Derelict Logs Recovered 2 | . . 1 . 1 Drone Launches . | . . . . . Drone Recoveries . | . . . . . Exploration | -11 -10 -10 -10 -9 ------------- Run | Yrd Mat Min Exi Min Turns Passed 2335 | 68 1376 256 498 137 Spaces Moved 1169 | 39 647 146 293 44 Core 4 | 4 . . . . Treads 1165 | 35 647 146 293 44 Legs . | . . . . . Wheels . | . . . . . Hover . | . . . . . Flight . | . . . . . Fastest Speed 50 | 50 160 160 160 160 Average Speed 161 | 148 160 160 168 160 Slowest Speed 240 | 160 160 160 240 160 Overloaded Moves . | . . . . . Propulsion Burnouts . | . . . . . Robots Hopped . | . . . . . Potential Cave-ins . | . . . . . Cave-ins Triggered . | . . . . . Exploration Rate (%) 42 | 4 97 20 69 23 Regions Visited 4 Branch Regions 3 Pre-discovered Areas 3 | . 2 . 1 . Known Exits Taken . | . . . . . Unknown Exits Taken 4 | 1 1 1 1 . Scrap Searched . | . . . . . Spaces Dug . | . . . . . Terrain Destroyed . | . . . . . Melee . | . . . . . Projectile . | . . . . . AOE . | . . . . . Terrain Rammed . | . . . . . Walls Destroyed . | . . . . . Machines Disabled . | . . . . . Actions | -11 -10 -10 -10 -9 --------- Run | Yrd Mat Min Exi Min Total 1406 | 46 835 155 296 74 Wait 71 | . 71 . . . Move 1165 | 38 646 145 292 44 Hop . | . . . . . Pick Up 13 | 1 8 1 2 1 Fast Attach 9 | 6 3 . . . Attach 4 | . 3 . . 1 Detach 1 | . 1 . . . Swap 6 | 1 1 . 2 2 Drop 4 | . 2 . . 2 Fire 121 | . 91 8 . 22 Melee . | . . . . . Ram . | . . . . . Kick . | . . . . . Crush 12 | . 9 1 . 2 Escape Stasis . | . . . . . Rewire . | . . . . . Trap . | . . . . . Miscellaneous . | . . . . . Route ------- -11/Scrapyard -10/Materials (discovered 6 exits: [*Mat x3] / [*Min x2] / [*Sub]) -10/Mines (discovered 3 exits: [*Mat] / *Exi / [*Sub]) -10/Exiles -9/Mines (discovered 1 exit: [*Mat]) History --------- Turn | Location | Event 3 | -11/Scrapyard | Discovered new exit (range 15) 69 | -11/Scrapyard | Entered Materials 207 | -10/Materials | Discovered new exit (range 13) 252 | -10/Materials | Discovered new exit (range 15) 306 | -10/Materials | Build established: Mutant 371 | -10/Materials | Discovered new exit (range 10) 944 | -10/Materials | Repaired Lgt. Treads 971 | -10/Materials | Repaired Lgt. Assault Rifle 1148 | -10/Materials | Discovered new exit (range 15) 1339 | -10/Materials | Discovered new exit (range 10) 1437 | -10/Materials | Discovered new exit (range 13) 1445 | -10/Materials | Entered Mines 1452 | -10/Mines | Learned 2 Materials zone layouts 1461 | -10/Mines | Discovered new exit (range 12) 1493 | -10/Mines | Discovered new exit (range 8) 1498 | -10/Mines | Deemed a non-threat by the Exiles lab entrance 1615 | -10/Mines | Core integrity fell below 50% 1647 | -10/Mines | Assembled infested the area 1693 | -10/Mines | Discovered new exit (range 5) 1701 | -10/Mines | Entered Exiles 1740 | -10/Exiles | Met 8R-AWN 1764 | -10/Exiles | Met EX-HEX 1815 | -10/Exiles | Met EX-BIN 1834 | -10/Exiles | Aligned with FarCom system 1836 | -10/Exiles | Given EX-Vault access code 1873 | -10/Exiles | Opened EX-Vault 1885 | -10/Exiles | Found Field Lobotomy Kit 1890 | -10/Exiles | Found AWS/Thermal 1924 | -10/Exiles | Warned to stay clear of 0b10 Research branches 1967 | -10/Exiles | Met EX-DEC 2060 | -10/Exiles | Learned location of Zion (-6) 2160 | -10/Exiles | Discovered new exit (range 14) 2199 | -10/Exiles | Stole two prototypes: AWS/Thermal, Field Lobotomy Kit 2199 | -10/Exiles | Entered Mines 2277 | -9/Mines | Learned Materials terminal intel 2285 | -9/Mines | Discovered new exit (range 6) 2325 | -9/Mines | Core integrity fell below 20% 2336 | -9/Mines | Destroyed by Y-45 Defender with Heavy Assault Rifle Last Messages --------------- 02160_ EXIT=FOUND LOCATION=UNKNOWN GOAL=ESCAPE 02199_ Receiving FarCom transmissions... 02200_ S-10 Pest destroyed. 02212_ Switching to secondary target: S-10 Pest. 02223_ S-10 Pest destroyed. 02233_ Acquired 11 matter. 02235_ Dropped Lgt. Assault Rifle. 02237_ Acquired Lgt. Assault Rifle. 02243_ Slammed into R-06 Scavenger. 02259_ T-07 Excavator is excavating. 02274_ K-01 Serf collects debris. 02277_ Acquired derelict log, extracted data. Data stored: Materials terminal intel. 02285_ EXIT=FOUND 02313_ Lgt. Treads destroyed. 02320_ Y-45 Defender destroyed. 02320_ Switching to secondary target: Y-45 Defender. 02321_ Lgt. Ion Engine destroyed. Map ----- +----------------------------------------------------+ | ??????????????????????????????????????????? | | ??????????????????????????????????????????? | | ??????????????????????????????????????????? | | ??????????????????????????????????????????? | | ??????????????????????????????????????????? | | ??????????????????????????????????????????? | | ??????????????????????????????????????????? | | ??????????????????????????????????????????? | | ??????????????????????????????????????????? | | ??????????????????????????????????????????? | | ??????????????????????????????????????????? | | ??????????????????????????????????????????? | | ??????????????????????????????????????????? | | ??????????????????????????????????????????? | | ??????????????????????????????????????????? | | ??????????????????????????????????????????? | | ????s??????????????????###????????????????? | | ??????????????????????# ##???????????????? | | ??????ss???????????### #???????????????? | | ??????????????????## #???????????????? | | ?????????????????## #???????????????? | | ?????????????###?# ##??????????????? | | ????????????##"!## #??????????????? | | ????????????#""=%# ##?????????????? | | ????????????#/!*[/= ##????????????? | | ????????????#!! [Y@ < ##???????????? | | ????????????#"" # #???????????? | | ????????????##"??# #???????????? | | ?????????????????### #???????????? | | ???????????????????## ###### #???????????? | | ????????????????????# ##????# #???????????? | | ????????????????????# #####?# #???????????? | | ????????????????????# #?# #??????????? | | ????????????????????##### #?# #????????? | | ????????????????????????# #?# #???????? ? | | ????????????????????????# ### ####??? | | ????????????????????????# ### | | ????????????????????????# | | ????????????????????????###### | | ?????????????????????????????# ### # | | ?????????????????????????????## #???? ## | | ??????????????????????????????# #??? ##? | | ???????????????????????######## ### #??? | | ???????????????????# #??? | | ???????????????????????####### #?? | | ????????????????????????###### #### #? | | ????????????????????????# #????# #? | | ????????????????????????# ######?????? #? | | ????????????????????????# #???????????? #? | | ????????????????????????# #??????????????#? | +----------------------------------------------------+ Best States ------------- Heat Dissipation 25 Energy Generation 10 Energy Capacity 250 Matter Stores 300 Matter Capacity 300 Sight Range 16 Terrain Scan Density 10 Armor Coverage 150 Evasion (%) 40 Recoil Reduction 2 Item Schematics ----------------- None Robot Schematics ------------------ M-13 Machinist | -10/Materials | Hacked Fabricated ------------ Nothing Repaired ---------- Lgt. Treads | 16% | -10/Materials Lgt. Assault Rifle | 38% | -10/Materials Studied --------- None Alien Tech Used ----------------- None Achievements -------------- None Challenges ------------ None Game ------ Seed StasisMatterParser Manual? 0 Play Time 00:08:12 Cumulative 816.7 hours Start 2026.01.10 @ 15:19:40 End 2026.01.13 @ 07:40:49 Sessions 3 Manual Loads 0 Difficulty Rogue Special Mode None Game No. 408 Rogue 408 Adventurer 0 Explorer 0 Win Type - Total 68 Types 44/5/6/4/1/1/3/2/1/1 Lore% 92 Gallery% 85 Achievement% 69 Wizard Run 0 Options --------- Layout 0 ASCII 0 Keyboard 1 Movement Numpad Keybinds 0 Fullscreen 2 Font 18/SmallcapsGlow Map View 76x50 Zoom Use 0% Tactical HUD 1 Map Filters NONE Filters NONE Steam 1 RUN: a05cc3f8-81e5-4479-971b-25f0fbe8ed33